 Dungeon Crawl Stone Soup version 0.23-a0-642-g3120c2f (webtiles) character file.

80 Amnesiac the Ducker (level 4, 0/23 HPs)
             Began as a Spriggan Berserker on Dec 30, 2018.
             Was a Believer of Trog.
             Slain by a worm (8 damage)
             ... on level 3 of the Dungeon.
             The game lasted 00:01:20 (2064 turns).

Amnesiac the Ducker (Spriggan Berserker)            Turns: 2064, Time: 00:01:20

Health: 0/23       AC:  2    Str: 14    XL:     4   Next: 18%
Magic:  5/5        EV: 20    Int:  8    God:    Trog [**....]
Gold:   102        SH:  0    Dex: 15    Spells: 3/3 levels left

rFire    . . .     SeeInvis +   a - +0 falchion
rCold    . . .     Gourm    .   (shield restricted)
rNeg     . . .     Faith    .   b - +0 animal skin
rPois    .         Spirit   .   (helmet restricted)
rElec    .         Reflect  .   (no cloak)
rCorr    .         Harm     .   (gloves unavailable)
MR       .....                  (boots unavailable)
Stlth    +.........             (no amulet)
HPRegen  0.07/turn              (no ring)
MPRegen  0.09/turn              (no ring)

@: very quick
A: very small, unfitting armour, see invisible, herbivore, speed 3, slow
metabolism 2
a: Berserk, Trog's Hand, Renounce Religion


You were on level 3 of the Dungeon.
You worshipped Trog.
Trog was pleased with you.
You were not hungry.

You visited 1 branch of the dungeon, and saw 3 of its levels.

You collected 102 gold pieces.

Inventory:

Hand Weapons
 a - a +0 falchion (weapon)
Armour
 b - a +0 animal skin (worn)
Jewellery
 k - an uncursed ring of positive energy {unknown}
Scrolls
 d - a scroll of magic mapping {!r, unknown}
 e - 2 scrolls of remove curse {!r, unknown}
 g - 3 scrolls of identify {!r, unknown}
 h - a scroll of fog {!r, unknown}
 j - a scroll of enchant armour {!r, unknown}
 l - a scroll of amnesia {!r, unknown}
 m - a scroll of enchant weapon {!r, unknown}
Potions
 f - a potion of curing {!q, unknown}
 i - 2 potions of brilliance {!q, unknown}
 n - a potion of mutation {!q, unknown}
Comestibles
 c - a ration


   Skills:
 + Level 2.9 Fighting
 * Level 3.4 Long Blades
 + Level 5.2 Dodging


You had 3 spell levels left.
You didn't know any spells.
Your spell library was empty.

Dungeon Overview and Level Annotations

Branches:
Dungeon (3/15)

Altars:


Innate Abilities, Weirdness & Mutations

You are very small and have problems with some larger weapons.
You are too small for most types of armour.
You have supernaturally acute eyesight. (SInv)
You are a herbivore.
You cover ground extremely quickly.
You need to consume almost no food.


Message History

No target in view!
An adder comes into view.
The adder hisses angrily.
You see here a scroll labeled USKEYTA QUGEDE {!r}.
An adder is nearby!
An adder is nearby!
A worm comes into view.
You hit the adder.
The adder is heavily wounded.
The adder bites you.
You barely miss the adder.
The adder is heavily wounded.
The adder closely misses you. x2
You barely miss the adder.
The adder is heavily wounded.
The adder closely misses you.
You closely miss the adder.
The adder is heavily wounded.
The adder bites you.
You miss the adder.
The adder is heavily wounded.
The adder misses you.
You riposte.
You barely miss the adder.
The adder is heavily wounded.
The adder barely misses you.
You hit the adder.
The adder is severely wounded.
The adder closely misses you.
You hit the adder.
You kill the adder!
Trog accepts your kill.
You can now call upon Trog for regeneration and magic resistance.
You slash the worm!
The worm is moderately wounded.
The worm bites you!
* * * LOW HITPOINT WARNING * * *
You slash the worm!
The worm is severely wounded.
The worm closely misses you.
You hit the worm.
The worm is severely wounded.
The worm completely misses you.
You hit the worm but do no damage.
The worm is severely wounded.
You hit the worm but do no damage.
The worm is severely wounded.
The worm closely misses you.
You riposte.
You barely miss the worm.
The worm is severely wounded.
You hit the worm but do no damage.
The worm is severely wounded.
The worm closely misses you.
You barely miss the worm.
The worm is heavily wounded.
You barely miss the worm.
The worm is heavily wounded.
The worm closely misses you.
You hit the worm but do no damage.
The worm is heavily wounded.
The worm closely misses you.
You hit the worm.
The worm is severely wounded.
You barely miss the worm.
The worm is severely wounded.
The worm bites you!
You die...

....##### ........ .
#......# .. #[..##.#####
... #...##.....
....#####...##..#######.
.....>.......†.....<....
........#....#..#.#.#.#.
......w@..?..#..#...# #
.............#..#.....
................####..#
...##+##.......... ..#
.. #......#### ### .
#......+ #......#
#......#


You could see a worm.

Vanquished Creatures
  4 adders
  2 oozes (D:1)
  2 dart slugs
  A giant cockroach (D:2)
  3 hobgoblins (D:1)
  5 kobolds
  6 bats
  2 frilled lizards
  3 goblins
  A leopard gecko skeleton (D:2)
  7 rats
36 creatures vanquished.

Notes
Turn   | Place    | Note
-------+----------+-------------------------------------------
     0 | D:1      | Amnesiac the Spriggan Berserker began the quest for the
                  | Orb.
     0 | D:1      | Reached XP level 1. HP: 11/11 MP: 2/2
   433 | D:1      | Reached XP level 2. HP: 5/16 MP: 3/3
  1195 | D:2      | Reached XP level 3. HP: 18/19 MP: 4/4
  1383 | D:2      | Reached skill level 5 in Dodging
  1802 | D:2      | Reached XP level 4. HP: 22/23 MP: 5/5
  1972 | D:2      | Found a faded altar of an unknown god.
  2052 | D:3      | Reached ** piety under Trog
  2064 | D:3      | Slain by a worm

Vault maps used:
D:1:      dpeg_arrival_windows_large_door, chequers_decorated_corner,
          minmay_pentomino_t2
D:2:      chequers_ecumenical_altar_lobes
D:3:      marbit_many_paths, lemuel_doored_altar, first_ration,
          lexackson_kobold_supper, uniq_robin, uniq_terence

Skill      XL: |  1  2  3 |
---------------+----------+-----
Long Blades    | 3 |  3.4
Dodging        | 5 |  5.2
Fighting       | |  2.9

Action                   |  1- 3 |  4- 6 || total
-------------------------+-------+-------++-------
Melee: Falchion          |    90 |    21 ||   111
 Stab: Sleeping          |     3 |       ||     3
Armor: Animal skin       |    10 |       ||    10
Dodge: Dodged            |    77 |    13 ||    90
       Rpst.: Falchion   |    26 |     3 ||    29

Table legend:
 A = Non-vault XP
 B = Vault XP
 C = Vault XP percentage of total XP
 D = Non-vault monster count
 E = Vault monster count
 F = Vault count percentage of total count
                 A         B        C        D         E       F
            +---------+---------+-------+---------+---------+-------
      Total |     114 |       1 |   0.9 |      35 |       1 |   2.8
            +---------+---------+-------+---------+---------+-------
        D:1 |      33 |       1 |   2.9 |      16 |       1 |   5.9
        D:2 |      64 |       0 |   0.0 |      17 |       0 |   0.0
        D:3 |      17 |       0 |   0.0 |       2 |       0 |   0.0
            +---------+---------+-------+---------+---------+-------
